 Dungeon Crawl Stone Soup version 0.27.0-66-gdc8fb28755 (webtiles) character file.

Game seed: 6380875059156238345

437 ZARRMARR the Cudgeller (level 6, -5/51 HPs)
             Began as a Palentonga Fighter on Aug 20, 2021.
             Was a Follower of Qazlal.
             Killed from afar by a steam dragon (24 damage)
             ... with a ball of steam
             ... on level 4 of the Dungeon.
             The game lasted 00:18:46 (4102 turns).

ZARRMARR the Cudgeller (Palentonga Fighter)         Turns: 4102, Time: 00:18:48

Health: -5/51      AC:  8    Str: 21    XL:     6   Next: 69%
Magic:  6/6        EV:  5    Int:  8    God:    Qazlal [*.....]
Gold:   145        SH: 11    Dex: 10    Spells: 5/5 levels left

rFire    . . .     SeeInvis +   e - +5 eveningstar (venom)
rCold    . . .     Faith    +   c - +1 kite shield
rNeg     + . .     Spirit   .   b - +0 scale mail
rPois    .         Reflect  .   (no helmet)
rElec    .         Harm     .   (no cloak)
rCorr    .         Rampage  .   r - +0 pair of gloves
Will     +....                  (no barding)
Stlth    ..........             n - amulet "Jeunk" {Faith rN+}
HPRegen  0.17/turn              t - ring of willpower
MPRegen  0.10/turn              (no ring)

@: no status effects
A: large, rugged brown scales 3, see invisible, deformed body, roll 1, armoured
tail
a: Rolling Charge, Renounce Religion


You were on level 4 of the Dungeon.
You worshipped Qazlal.
Qazlal was aware of your devotion.
You visited 1 branch of the dungeon, and saw 4 of its levels.

You collected 145 gold pieces.

Inventory:

Hand Weapons
 e - a +5 eveningstar of venom (weapon)
 w - a +4 flail of holy wrath
Missiles
 j - 59 stones (quivered)
Armour
 b - a +0 scale mail (worn)
 c - a +1 kite shield (worn)
 r - a +0 pair of gloves (worn)
Jewellery
 n - the amulet "Jeunk" (around neck) {Faith rN+}
   (You acquired it on level 3 of the Dungeon)

   [amulet of faith]

   It allows you to gain divine favour quickly.
   rN:        It protects you from negative energy.
 t - a ring of willpower (left hand)
Wands
 g - a wand of flame (16)
Scrolls
 a - a scroll of teleportation
 f - a scroll of blinking
 i - a scroll of torment {unknown}
 k - a scroll of magic mapping
 m - a scroll of amnesia {unknown}
 o - 3 scrolls of summoning
 s - a scroll of noise {unknown}
 v - 2 scrolls of immolation {unknown}
Potions
 d - a potion of might
 h - a potion of cancellation {unknown}
 l - a potion of lignification {unknown}
 p - 2 potions of heal wounds {unknown}
 q - a potion of curing {unknown}
 u - a potion of flight {unknown}
 x - a potion of degeneration {unknown}


   Skills:
 + Level 3.7 Fighting
 + Level 5.5 Maces & Flails
 + Level 3.5 Armour
 + Level 0.6 Dodging
 + Level 3.1 Shields


You had 5 spell levels left.
You didn't know any spells.
Your spell library contained the following spells:

 Spells                   Type           Power      Damage    Failure   Level
 Animate Skeleton         Necr           0%         N/A       99%         1
 Apportation              Tloc           0%         N/A       99%         1
 Corona                   Hex            0%         N/A       99%         1
 Sting                    Tmut/Pois      0%         1d3       99%         1
 Summon Small Mammal      Summ           0%         N/A       99%         1
 Poisonous Vapours        Pois/Air       0%         N/A       99%         2
 Call Canine Familiar     Summ           0%         N/A       100%        3
 Portal Projectile        Hex/Tloc       0%         N/A       100%        3
 Leda's Liquefaction      Hex/Erth       0%         N/A       100%        4
 Olgreb's Toxic Radiance  Pois           0%         N/A       100%        4


Dungeon Overview and Level Annotations

Branches:
Dungeon (4/15)
 Temple: D:4-7

Altars:
Qazlal
Uskayaw
Xom

Shops:
D:1 [

Annotations:
D:4 3 runed translucent doors


Innate Abilities, Weirdness & Mutations

You are completely covered in rugged brown scales. (AC +3, +7% HP)
You have supernaturally acute eyesight. (SInv)
Armour fits poorly on your strangely shaped body.
You can roll at nearby foes to attack.
You have a long armoured tail.


Message History

w - a +4 flail of holy wrath Unknown command.
x - a fuming emerald potion You pick up a book of the Hunter and begin reading...
You add the spells Call Canine Familiar, Portal Projectile and Leda's Liquefaction to your library.
There are no items here.
Things that are here:
a +0 flail; a +1 leather armour of poison resistance
j - 59 stones (gained 1)
You start resting.
HP restored.
Found 20 sling bullets.
A steam dragon comes into view.
The steam dragon breathes steam at you. The ball of steam misses you.
The steam dragon moves out of view.
A necrophage comes into view.
You closely miss the necrophage. The necrophage hits you. x2
You partially resist.
You feel drained.
You impale the necrophage!!
The necrophage is almost destroyed.
You block the necrophage's attack. The steam dragon breathes steam at you.
The ball of steam hits you!!
You hear a shout!
The necrophage is engulfed in a cloud of scalding steam.
The necrophage is destroyed!
The steam dragon bites you.
The steam dragon claws you but does no damage.
Your life force feels restored.
You hit the steam dragon.
The steam dragon is poisoned.
The steam dragon is lightly wounded.
The steam dragon bites you but does no damage.
The steam dragon claws you but does no damage.
You closely miss the steam dragon.
The steam dragon is lightly wounded.
The steam dragon bites you but does no damage.
The steam dragon claws you but does no damage.
The steam dragon breathes steam at you. The ball of steam hits you!!
You die...

######. ... .... ## .....
.. ..... ####.# #..#.#
###.#.# . #+##.@...# ..
###.##.#D...#
....+......#....#
....+##.#..#....#
...........#.#..#
...........#.####..♣...
#... ...........#..
#(....(.#...
...#+#.....###
###+++###... (.
#......#######........)..


You could see a steam dragon (very poisoned, catching breath).

Vanquished Creatures
  Edmund (D:4)
  An orc priest (D:3)
  A hound skeleton (D:4)
  3 gnolls (D:2)
  5 adders
  2 adder skeletons (D:4)
  3 dart slugs
  5 orcs
  12 endoplasms
  4 giant cockroaches
  8 goblins
  13 hobgoblins
  5 jackals
  7 kobolds
  4 quokkas
  9 ball pythons
  8 bats
  4 frilled lizards
  5 rats
100 creatures vanquished.

Vanquished Creatures (others)
  A necrophage (D:4)
1 creature vanquished.

Grand Total: 101 creatures vanquished

Notes
Turn   | Place    | Note
-------+----------+-------------------------------------------
     0 | D:1      | ZARRMARR the Palentonga Fighter began the quest for the
                  | Orb.
     0 | D:1      | Reached XP level 1. HP: 19/19 MP: 1/1
   101 | D:1      | Reached XP level 2. HP: 21/25 MP: 2/2
   611 | D:1      | Reached XP level 3. HP: 27/31 MP: 3/3
  1071 | D:1      | Found Raaxaac's Armour Boutique.
  1262 | D:1      | Found a faded altar of an unknown god.
  1412 | D:2      | Identified a scroll of acquirement
  1412 | D:2      | Acquired a +5 eveningstar of venom
  1444 | D:2      | Reached XP level 4. HP: 21/37 MP: 4/4
  1627 | D:2      | Reached skill level 3 in Maces & Flails
  2429 | D:3      | Acquired the amulet "Jeunk" {Faith rN+}
  2482 | D:3      | Reached XP level 5. HP: 43/43 MP: 5/5
  2509 | D:3      | Reached skill level 4 in Maces & Flails
  2871 | D:3      | Found a stormy altar of Qazlal.
  2873 | D:3      | Found a hide-covered altar of Uskayaw.
  2879 | D:3      | Became a worshipper of Qazlal Stormbringer
  3791 | D:4      | Reached * piety under Qazlal
  3910 | D:4      | Found a runed translucent gate.
  3912 | D:4      | Found a runed translucent gate.
  3949 | D:4      | Found a shimmering altar of Xom.
  3986 | D:4      | Found a runed translucent gate.
  3991 | D:4      | Noticed Edmund
  4002 | D:4      | Killed Edmund
  4003 | D:4      | Reached skill level 5 in Maces & Flails
  4003 | D:4      | Reached XP level 6. HP: 37/50 MP: 6/6
  4094 | D:4      | Noticed a steam dragon
  4102 | D:4      | Killed from afar by a steam dragon

Illustrated notes

Levels and vault maps discovered:
D:1:      lemuel_arrival_rhombus, layout_loops_ring, serial_shops,
          nicolae_shop_statue_plus, shapermc_ecumenical_altar_hornbeckon,
          minmay_misc_feat_more_columns
D:2:      layout_loops_ring, minmay_split_cup_large
D:3:      minmay_razor_zed, layout_basic,
          chequers_temple_overflow_statue_of_worship, kennysheep_generic_room_14
D:4:      layout_basic, mainiacjoe_overflow_boulevard,
          ebering_ghost_rock_garden, uniq_edmund

Skill      XL: |  1  2  3  4  5 |
---------------+----------------+-----
Maces & Flails | 3 5 |  5.5
Armour         | 3 |  3.5
Shields        | 3 |  3.1
Fighting       | |  3.7
Dodging        | |  0.6

Action                   |  1- 3 |  4- 6 || total
-------------------------+-------+-------++-------
Melee: Flail             |    82 |       ||    82
       Tailslap          |     7 |     8 ||    15
       Eveningstar       |    11 |   100 ||   111
Throw: Stone             |       |    23 ||    23
 Abil: Rolling Charge    |    20 |    33 ||    53
  Use: Scroll            |     2 |     5 ||     7
Armor: Scale mail        |    45 |    43 ||    88
Dodge: Dodged            |    20 |     7 ||    27
Block: Kite shield       |    44 |    29 ||    73
